 Dungeon Crawl Stone Soup version 0.29.1-1-gd02db6906a (webtiles) character file.

Game seed: 13691115991195563078

322 Aibolit the Covert (level 6, -1/41 HPs)
             Began as a Vampire Brigand on Sept 24, 2022.
             Was a Believer of Makhleb.
             Slain by an ufetubus (3 damage)
             ... on level 4 of the Dungeon.
             The game lasted 00:16:57 (3109 turns).

Aibolit the Covert (Vampire Brigand)                Turns: 3109, Time: 00:16:58

Health: -1/41      AC:  3    Str: 15 (16) XL:     6   Next: 22%
Magic:  6/6        EV: 12    Int: 11 (14) God:    Makhleb [**....]
Gold:   240        SH:  4    Dex: 16 (17) Spells: 5/5 levels left

rFire   + . .      SeeInvis +   a - +3 dagger (freeze)
rCold   + . .      Faith    .   (no shield)
rNeg    . . .      Spirit   .   l - +0 leather armour
rPois   .          Reflect  .   (no helmet)
rElec   .          Harm     .   g - scarf {rC+ rF+}
rCorr   .          Rampage  .   (no gloves)
Will    .....                   (no boots)
Stlth   ++++......              (no amulet)
HPRegen 0.33/turn               h - +6 ring of strength
MPRegen 0.10/turn               (no ring)

@: healing quickly, unable to read
A: alive, fangs 3, see invisible, vampiric 2, large bone plates 1, inability to
read after injury 1, [frail 1]
a: Exsanguinate, Renounce Religion, Minor Destruction


You were on level 4 of the Dungeon.
You worshipped Makhleb.
Makhleb was pleased with you.
You visited 1 branch of the dungeon, and saw 4 of its levels.

You collected 240 gold pieces.

Inventory:

Hand Weapons
 a - a +3 dagger of freezing (weapon)
Missiles
 d - 9 poisoned darts
 e - 5 curare-tipped darts
 j - 2 throwing nets (quivered)
Armour
 g - a scarf of resistance (worn)
 l - a +0 leather armour (worn)
Magical Staves
 b - a staff of death
Jewellery
 h - a +6 ring of strength (left hand)
Scrolls
 n - a scroll of poison


   Skills:
 + Level 2.4 Fighting
 + Level 2.9 Short Blades
 + Level 1.6 Throwing
 + Level 2.2 Armour
 + Level 1.7 Dodging
 + Level 9.1 Stealth
 + Level 0.7 Shields


You had 5 spell levels left.
You didn't know any spells.
Your spell library contained the following spells:

 Spells                   Type           Power      Damage    Failure   Level
 Beastly Appendage        Tmut           0%         N/A       41%         1
 Wereblood                Tmut           0%         N/A       54%         2
 Ozocubu's Armour         Ice            0%         N/A       78%         3
 Spider Form              Tmut/Pois      0%         N/A       78%         3
 Ozocubu's Refrigeration  Ice            0%         4d7       100%        7


Dungeon Overview and Level Annotations

Branches:
Dungeon (4/15)
 Temple: D:4-7

Altars:
Makhleb
Sif Muna
Uskayaw


Innate Abilities, Weirdness & Mutations

Your natural rate of healing is accelerated.
You have razor-sharp teeth.
You have supernaturally acute eyesight. (SInv)
You are afflicted with vampirism and can become a bat while bloodless.
You are partially covered in large bone plates. (SH +4)
You occasionally lose the ability to read scrolls when taking damage.
[You are frail. (-10% HP)]


Message History

A gnoll comes into view. It is wielding a +1 whip of holy wrath.
The gnoll throws a throwing net.
The throwing net hits you.
You become entangled in the net!
You see here a throwing net.
You struggle against the net.
You cannot throw/fire anything while held in a net.
You are held in a net!
You feel better.
You cannot throw/fire anything while held in a net.
You cannot throw/fire anything while held in a net.
You struggle against the net.
You struggle against the net.
The gnoll hits you from afar with a +0 halberd!
You rip the net and break free!
The gnoll hits you from afar with a +0 halberd!
The gnoll barely misses you.
The gnoll shouts!
You hit the gnoll. You freeze the gnoll.
The gnoll is heavily wounded.
You block the gnoll's attack.
You hit the gnoll but do no damage.
The gnoll is heavily wounded.
An ufetubus comes into view.
The gnoll hits you with a +0 halberd!
You feel threatened and lose the ability to read scrolls!
* * * LOW HITPOINT WARNING * * *
You hit the gnoll. You freeze the gnoll.
The gnoll is almost dead.
You block the gnoll's attack. The gnoll hits you with a +0 halberd!
* * * LOW HITPOINT WARNING * * *
You hit the gnoll. You freeze the gnoll.
You kill the gnoll!
Makhleb accepts your kill.
You hit the gnoll. You freeze the gnoll. You punch the gnoll.
The gnoll is heavily wounded.
The gnoll barely misses you.
You cannot read scrolls in your current state!
The ufetubus hits you.
You die...

#.. #...#
#...#...#
#....#...#
#..<......#
..........# ..#
..........# ..#
..........#..#
.........#..##
........@g...##
...#....5......
## . #....#......
.# #...######..
.# ##.#.# . ##
##.#..# .##
##.....# ...##
##..#...#
.....####..#....#


You could see a gnoll and an ufetubus.

Vanquished Creatures
  A phantom (D:4)
  A hound (D:4)
  Natasha (D:4)
  Terence (D:3)
  An iguana (D:4)
  4 gnolls
  4 adders
  A worm (D:2)
  A dart slug (D:2)
  3 orcs
  4 endoplasms
  4 giant cockroaches
  5 goblins
  6 hobgoblins
  8 jackals
  3 kobolds
  A quokka (D:2)
  9 ball pythons
  4 bats
  2 frilled lizards
  3 rats (D:2)
67 creatures vanquished.

Vanquished Creatures (others)
  4 plants (D:2)
4 creatures vanquished.

Grand Total: 71 creatures vanquished

Notes
Turn   | Place    | Note
-------+----------+-------------------------------------------
     0 | D:1      | Aibolit the Vampire Brigand began the quest for the Orb.
     0 | D:1      | Reached XP level 1. HP: 16/16 MP: 1/1
    48 | D:1      | Reached skill level 6 in Stealth
    57 | D:1      | Reached XP level 2. HP: 17/17 MP: 2/2
   205 | D:1      | Found a faded altar of an unknown god.
   216 | D:1      | Prayed at the altar of an unknown god.
   216 | D:1      | Became a worshipper of Makhleb the Destroyer
   216 | D:1      | Reached * piety under Makhleb
   552 | D:2      | Reached skill level 7 in Stealth
   680 | D:2      | Gained mutation: You are afflicted with vampirism and can
                  | become a bat while bloodless. [Vampire growth]
   680 | D:2      | Reached XP level 3. HP: 21/21 MP: 3/3
   702 | D:2      | Found a hide-covered altar of Uskayaw.
  1418 | D:2      | HP: 1/24 [gnoll/+0 whip (6)]
  1424 | D:2      | Reached XP level 4. HP: 28/29 MP: 4/4
  1494 | D:3      | Gained mutation: You occasionally lose the ability to read
                  | scrolls when taking damage. [potion of mutation]
  1494 | D:3      | Gained mutation: You are partially covered in large bone
                  | plates. (SH +4) [potion of mutation]
  1556 | D:3      | Reached ** piety under Makhleb
  1557 | D:3      | Reached skill level 8 in Stealth
  1613 | D:3      | Found a shimmering blue altar of Sif Muna.
  1630 | D:3      | Noticed Terence
  1637 | D:3      | Killed Terence
  1638 | D:3      | Reached skill level 1 in Armour
  2115 | D:3      | Reached XP level 5. HP: 34/34 MP: 5/5
  2757 | D:4      | Noticed a phantom
  2827 | D:4      | Killed a phantom
  2828 | D:4      | Reached skill level 9 in Stealth
  3018 | D:4      | Noticed Natasha
  3024 | D:4      | Reached XP level 6. HP: 41/41 MP: 6/6
  3032 | D:4      | Killed Natasha
  3106 | D:4      | HP: 1/41 [gnoll/+0 halberd (11)]
  3109 | D:4      | Slain by an ufetubus

Illustrated notes

Levels and vault maps discovered:
D:1:      tarquinn_simple_flora_water_d, layout_rooms,
          ebering_ecumenical_altar_hall
D:2:      layout_loops_ring, serial_forest, infiniplex_forest_lined_3,
          infiniplex_forest_clump_double, infiniplex_forest_clump_small,
          infiniplex_forest_corner_1, infiniplex_forest_clump_long,
          infiniplex_forest_clump_large, infiniplex_forest_straight_4,
          infiniplex_forest_straight_3, basic_altar, minmay_misc_feat_plants
D:3:      layout_basic, lemuel_blue_sif_altar, uniq_terence
D:4:      layout_cave_pods, uniq_crazy_yiuf_cottage, uniq_natasha

Skill      XL: |  1  2  3  4  5 |
---------------+----------------+-----
Stealth        | 6 7 8 9 |  9.1
Fighting       | 2 |  2.4
Armour         | 1 2 |  2.2
Short Blades   | |  2.9
Throwing       | |  1.6
Dodging        | |  1.7
Shields        | |  0.7

Action                   |  1- 3 |  4- 6 || total
-------------------------+-------+-------++-------
Melee: Dagger            |    79 |   102 ||   181
       Bite              |     8 |     6 ||    14
       Punch             |     1 |     1 ||     2
Throw: Dart              |     1 |       ||     1
 Abil: Exsanguinate      |     1 |       ||     1
       Revivify          |     1 |       ||     1
  Use: Scroll            |     4 |     3 ||     7
       Potion            |     8 |    11 ||    19
 Stab: Sleeping          |    24 |     8 ||    32
       Distracted        |       |     2 ||     2
Armor: Leather armour    |     1 |     8 ||     9
Dodge: Dodged            |    16 |    43 ||    59
Block: Other             |       |    12 ||    12
